 Dungeon Crawl Stone Soup version 0.26-a0-854-gdc81c2f471 (webtiles) character file.

Game seed: 6949485648006209822

1101 iamoutofideas the Sneak (level 8, 0/47 HPs)
             Began as an Octopode Fire Elementalist on Nov 23, 2020.
             Slain by Maggie
             ... wielding a +0 glaive of draining
              (6 damage)
             ... on level 6 of the Dungeon.
             The game lasted 00:11:05 (6811 turns).

iamoutofideas the Sneak (OpFE)                      Turns: 6811, Time: 00:11:05

Health: 0/47       AC:  1    Str:  8    XL:     8   Next: 32%
Magic:  3/13       EV: 14    Int: 18    God:
Gold:   252        SH:  0    Dex: 16    Spells: 5/14 levels left

rFire    + . .     SeeInvis .   (no weapon)
rCold    + . .     Faith    .   (no shield)
rNeg     . . .     Spirit   .   (helmet restricted)
rPois    .         Reflect  .   l - amulet of Elodit {RegenMP rF+ rC+ Dex+3}
rElec    .         Harm     .   (no ring)
rCorr    .         Rampage  .   (no ring)
MR       .....                  (no ring)
Stlth    ++++......             (no ring)
HPRegen  0.15/turn              (no ring)
MPRegen  0.38/turn              (no ring)
                                (no ring)
                                (no ring)

@: mesmerised, drained
A: almost no armour, stealthy swim, amphibious, 8 rings, constrict 8, camouflage
1, gelatinous body 1
a: no special abilities


You were on level 6 of the Dungeon.
You visited 1 branch of the dungeon, and saw 6 of its levels.

You collected 252 gold pieces.

Inventory:

Missiles
 j - 15 poisoned darts (quivered)
Jewellery
 f - an uncursed ring of positive energy {unknown}
 l - the amulet of Elodit (around mantle) {RegenMP rF+ rC+ Dex+3}
   (You found it on level 4 of the Dungeon)

   [amulet of magic regeneration]

   It increases your magic regeneration.
   It affects your dexterity (+3).
   It protects you from fire.
   It protects you from cold.
 o - the amulet of the Death Scarab {Inacc rPois Int+4}
   (You found it on level 6 of the Dungeon)

   [amulet of inaccuracy]

   It reduces the accuracy of all your attacks.
   It affects your intelligence (+4).
   It protects you from poison.
Wands
 n - a wand of paralysis (6)
Scrolls
 c - 2 scrolls of enchant weapon
 d - 3 scrolls of remove curse
 h - 2 scrolls of teleportation
 m - a scroll of enchant armour
Potions
 a - 3 potions of curing
 b - a potion of might
 e - 2 potions of degeneration
 g - 2 potions of heal wounds
 i - 3 potions of mutation
 k - a potion of resistance {unknown}


   Skills:
 - Level 0.9(0.2) Fighting
 - Level 3.2(2.4) Dodging
 + Level 6.3(5.4) Stealth
 - Level 0.5(0.0) Unarmed Combat
 - Level 3.5(2.7) Spellcasting
 + Level 4.7(3.9) Conjurations
 + Level 6.2(5.4) Fire Magic


You had 5 spell levels left.
You knew the following spells:

 Your Spells              Type           Power        Failure   Level
a - Foxfire               Conj/Fire      ###.         2%          1
b - Fireball              Conj/Fire      ###.......   56%         5
c - Conjure Flame         Conj/Fire      ###.....     8%          3

Your spell library contained the following spells:

 Spells                   Type           Power        Failure   Level
 Inner Flame              Hex/Fire       ##......     17%         3
 Sticky Flame             Conj/Fire      ###.....     24%         4


Dungeon Overview and Level Annotations

Branches:
Dungeon (6/15)
 Temple: D:4-7

Altars:
Qazlal
Trog
Uskayaw

Annotations:
D:6 Maggie


Innate Abilities, Weirdness & Mutations

You cannot wear most types of armour.
You are very stealthy in the water. (Stealth+)
You are amphibious.
You can wear up to eight rings at the same time.
You can use your tentacles to constrict eight enemies at once.
Your skin changes colour to match your surroundings (Stealth+).
Your rubbery body absorbs attacks. (AC +1, EV +1)


Message History

Maggie hits you from afar with a +0 glaive of draining!
* * * LOW HITPOINT WARNING * * *
You feel drained.
* * * LOW HITPOINT WARNING * * *
The foxfire hits Maggie but does no damage.
Maggie is severely wounded.
Unknown command.
The foxfire hits Maggie.
Maggie is almost dead.
The foxfire hits Maggie!
Maggie is almost dead.
Maggie closely misses you.
Casting: Foxfire (safe; 2% risk of failure)
Confirm with . or Enter, or press ? or * to list all spells.
Okay, then.
Casting: Foxfire (safe; 2% risk of failure)
Confirm with . or Enter, or press ? or * to list all spells.
You conjure some foxfire!
Maggie hits you from afar with a +0 glaive of draining.
You die...

..# ##.# .## ##..# .#
##..## .## ##..##
..####..## ...##..## #
#.....## #####.###..
#.....## ##..v@?.....
#......### ##..@v......#
#...#....####..........##
#..######.......#......#
...# ###..###########
...## ##.# ##..## #.#
###..## #.# ##..## #.#
##..## ..#


You could see Maggie (mesmerising).

Vanquished Creatures
  Eustachio (D:6)
  2 phantoms
  An ogre (D:5)
  Blork the orc (D:6)
  A bullfrog (D:6)
  A wyvern zombie (D:5)
  A water moccasin zombie (D:5)
  A scorpion (D:6)
  A jelly (D:5)
  A hound (D:6)
  An orc priest (D:5)
  3 iguanas
  4 worker ants
  A killer bee zombie (D:5)
  5 adders
  3 worms
  3 dart slugs (D:1)
  3 leopard geckos
  10 orcs
  11 bats
  4 giant cockroaches
  7 goblins
  4 hobgoblins
  7 jackals
  A quokka (D:4)
  A frilled lizard (D:1)
  3 kobolds (D:1)
  4 rats
86 creatures vanquished.

Vanquished Creatures (others)
  A leopard gecko (D:1)
  429 foxfires
430 creatures vanquished.

Grand Total: 516 creatures vanquished

Notes
Turn   | Place    | Note
-------+----------+-------------------------------------------
     0 | D:1      | iamoutofideas the Octopode Fire Elementalist began the
                  | quest for the Orb.
     0 | D:1      | Reached XP level 1. HP: 11/11 MP: 3/3
   246 | D:1      | Reached XP level 2. HP: 9/17 MP: 1/5
   750 | D:1      | Reached XP level 3. HP: 22/22 MP: 6/6
  1632 | D:2      | HP: 1/22 [iguana (8)]
  1634 | D:2      | Reached XP level 4. HP: 2/27 MP: 0/7
  2009 | D:2      | Found a hide-covered altar of Uskayaw.
  2345 | D:2      | You fall into a shaft and drop 1 floor!
  2852 | D:3      | Reached XP level 5. HP: 32/32 MP: 2/9
  3148 | D:3      | Learned a level 5 spell: Fireball
  3152 | D:3      | Learned a level 3 spell: Conjure Flame
  3210 | D:3      | Found a stormy altar of Qazlal.
  3886 | D:4      | Got a clouded tin amulet
  3935 | D:4      | Identified the amulet of Elodit {RegenMP rF+ rC+ Dex+3}
                  | (You found it on level 4 of the Dungeon)
  3960 | D:4      | Noticed a phantom
  3975 | D:4      | Killed a phantom
  3976 | D:4      | Reached XP level 6. HP: 37/37 MP: 4/10
  3994 | D:4      | Noticed a two-headed ogre
  4011 | D:5      | Entered Level 5 of the Dungeon
  4894 | D:5      | Reached XP level 7. HP: 42/42 MP: 7/12
  4969 | D:5      | Reached skill level 5 in Fire Magic
  5835 | D:6      | Got a fine graven amulet
  5838 | D:6      | Identified the amulet of the Death Scarab {Inacc rPois
                  | Int+4} (You found it on level 6 of the Dungeon)
  5935 | D:6      | Found a bloodstained altar of Trog.
  6003 | D:6      | Noticed Eustachio
  6008 | D:6      | Noticed Blork the orc
  6018 | D:6      | Killed Blork the orc
  6019 | D:6      | Reached skill level 5 in Stealth
  6228 | D:6      | Killed Eustachio
  6229 | D:6      | Reached XP level 8. HP: 42/47 MP: 10/13
  6792 | D:6      | Noticed Maggie
  6811 | D:6      | Slain by Maggie

Illustrated notes

Levels and vault maps discovered:
D:1:      sevenhm_arrival_forest_fort_large_2, layout_basic, serial_curves,
          eino_curves_01, eino_curves_03, eino_curves_04, minmay_misc_feat_roman
D:2:      layout_basic, lemuel_coloured_pillars_altar
D:3:      layout_loops_ring, nicolae_qazlal_eye_of_the_storm
D:4:      layout_rooms, nicolae_tso_swordbearing_angel
D:5:      layout_basic
D:6:      layout_layer_cave, lemuel_crystal_altar, uniq_blork_the_orc,
          uniq_maggie, uniq_eustachio

Skill      XL: |  1  2  3  4  5  6  7  8 |
---------------+-------------------------+-----
Stealth        | 3 4 5 6 |  6.3
Fire Magic     | 4 5 6 |  6.2
Dodging        | 3 |  3.2
Spellcasting   | 3 |  3.5
Conjurations   | 2 4 |  4.7
Fighting       | |  0.9
Unarmed Combat | |  0.5

Action                   |  1- 3 |  4- 6 |  7- 9 || total
-------------------------+-------+-------+-------++-------
Melee: Unarmed           |    42 |    13 |     2 ||    57
       Constrict         |    13 |     8 |     1 ||    22
       Tentacles         |    10 |     2 |       ||    12
Throw: Dart              |       |       |     1 ||     1
 Cast: Foxfire           |    46 |   111 |   118 ||   275
       Conjure Flame     |       |       |     3 ||     3
  Use: Potion            |     1 |     4 |     2 ||     7
       Scroll            |       |     4 |     5 ||     9
 Stab: Sleeping          |     3 |     3 |       ||     6
Armor: Skin              |    17 |     3 |     1 ||    21
Dodge: Dodged            |    71 |    52 |    27 ||   150

Table legend: (Time is in decaauts)
 A = Elapsed time spent in this place.
 B = Non-inter-level travel time spent in this place.
 C = Inter-level travel time spent in this place.
 D = Time resting spent in this place.
 E = Time spent auto-exploring this place.
 F = Levels seen in this place.
 G = Mean time per level.
                   A        B        C        D        E       F      G
               +--------+--------+--------+--------+--------+-----+--------+
         Total |   6811 |   6687 |    124 |   2365 |   3304 |   6 | 1135.2 |
       Dungeon |   6811 |   6687 |    124 |   2365 |   3304 |   6 | 1135.2 |
               +--------+--------+--------+--------+--------+-----+--------+

Top non-repeatable levels by time:
     D:5: 1968 daAuts
     D:3: 1529 daAuts
     D:1: 1504 daAuts
     D:2: 841 daAuts
     D:6: 832 daAuts
     D:4: 135 daAuts
